 Dungeon Crawl Stone Soup version 0.21-a0-504-g2eda330 (webtiles) character file.

544 slep the Slasher (level 7, -3/52 HPs)
             Began as a Demonspawn Gladiator on Nov 25, 2017.
             Killed from afar by an orc wizard (5 damage)
             ... with a magic dart
             ... on level 5 of the Dungeon.
             The game lasted 00:11:22 (2495 turns).

slep the Slasher (Demonspawn Gladiator)             Turns: 2495, Time: 00:11:25

Health: -3/52      AC:  7    Str: 14    XL:     7   Next: 6%
Magic:  7/7        EV:  8    Int: 11    God:
Gold:   263        SH: 12    Dex: 17    Spells: 6/6 levels left

rFire    + . .     SeeInvis .   a - +0 long sword
rCold    x . .     Gourm    .   s - +0 large shield
rNeg     . . .     Faith    .   j - +0 ring mail
rPois    .         Spirit   .   (helmet restricted)
rElec    .         Reflect  .   v - +0 cloak
rCorr    .         Harm     .   (no gloves)
MR       .....                  (boots unavailable)
Stlth    +.........             (no amulet)
HPRegen  0.17/turn              u - +1 ring of protection
MPRegen  0.10/turn              w - ring of fire

@: no status effects
A: horns 2, talons 3, clever 1, deterioration 1, powered by pain 1
a: no special abilities


You were on level 5 of the Dungeon.
You were very hungry.

You visited 1 branch of the dungeon, and saw 5 of its levels.

You collected 263 gold pieces.

Inventory:

Hand Weapons
 a - a +0 long sword (weapon)
Missiles
 d - 3 throwing nets (quivered)
Armour
 b - a +0 leather armour
 c - a +0 helmet
 j - a +0 ring mail (worn)
 m - a +2 helmet
 s - a +0 large shield (worn)
 v - a +0 cloak (worn)
Jewellery
 u - a +1 ring of protection (left hand)
 w - a ring of fire (right hand)
Wands
 t - a wand of polymorph (15)
Scrolls
 g - 10 scrolls of identify {unknown}
 h - 2 scrolls of remove curse {unknown}
 i - 2 scrolls of immolation {unknown}
 k - 2 scrolls of enchant weapon {unknown}
 l - a scroll of teleportation {unknown}
 o - 2 scrolls of fear {unknown}
Potions
 e - 2 potions of invisibility
 q - a potion of ambrosia {unknown}
Comestibles
 f - 4 bread rations
 x - a meat ration


   Skills:
 + Level 3.0 Fighting
 + Level 5.3 Long Blades
 + Level 1.8 Throwing
 + Level 2.0 Armour
 + Level 4.1 Dodging
 + Level 0.4 Stealth
 + Level 1.7 Shields


You had 6 spell levels left.
You didn't know any spells.

Dungeon Overview and Level Annotations

Branches:
Dungeon (5/15)
 Temple: D:4-7

Altars:

Annotations:
D:3 Grinder, Sigmund


Innate Abilities, Weirdness & Mutations

You have a pair of horns on your head.
You have claws for feet.
You sometimes gain a little power by taking damage.
Your mind is acute. (Int +2)
Your body sometimes deteriorates upon taking damage.


Message History

* * * LOW HITPOINT WARNING * * *
Items here: ))) [[ †††† The orc wizard is no longer moving quickly.
The crimson imp blinks!
You hit the orc wizard. Your kick misses the orc wizard.
You headbutt the orc wizard, but do no damage.
The orc wizard is heavily wounded.
The orc wizard hits you with a dagger of freezing.
* * * LOW HITPOINT WARNING * * *
The orc wizard freezes you.
* * * LOW HITPOINT WARNING * * *
You block the orc wizard's attack.
Your shield prevents you from hitting the orc wizard.
You claw the orc wizard, but do no damage.
The orc wizard is heavily wounded.
The crimson imp grinds its teeth.
The crimson imp blinks!
The orc wizard casts a spell at you. The magic dart hits you!
You die...

. ############ ...
#..........#
.....####.......?..#
........)...§....%.#
......###@5........#
#.###.. #o.........#
#.##.§.........
.....#..........
............####
..............#
..............#
........>.....#
..............#


You could see an orc wizard and a crimson imp.

Vanquished Creatures
  A centaur zombie (D:5)
  A crimson imp (D:5)
  2 hounds
  3 orc priests
  A bullfrog skeleton (D:4)
  Crazy Yiuf (D:2)
  4 orc wizards
  A hound zombie (D:5)
  A worker ant zombie (D:4)
  5 adders
  2 worms (D:2)
  2 dart slugs (D:1)
  2 leopard geckos
  15 orcs
  A ball python (D:2)
  3 giant cockroaches
  2 goblins (D:1)
  4 hobgoblins
  3 jackals (D:4)
  2 kobolds
  2 quokkas
  4 bats
  3 frilled lizards
  5 rats
70 creatures vanquished.

Vanquished Creatures (others)
  An orc wizard (D:5)
1 creature vanquished.

Grand Total: 71 creatures vanquished

Notes
Turn   | Place    | Note
-------+----------+-------------------------------------------
     0 | D:1      | slep the Demonspawn Gladiator began the quest for the Orb.
     0 | D:1      | Reached XP level 1. HP: 16/16 MP: 1/1
    99 | D:1      | Gained mutation: You sometimes gain a little power by taking damage. [demonic ancestry]
    99 | D:1      | Reached XP level 2. HP: 22/22 MP: 2/2
   256 | D:1      | Reached skill level 3 in Long Blades
   513 | D:2      | Gained mutation: You have sharp toenails. [demonic ancestry]
   513 | D:2      | Reached XP level 3. HP: 18/27 MP: 3/3
   673 | D:2      | Gained mutation: You have razor-sharp toenails. [demonic ancestry]
   673 | D:2      | Reached XP level 4. HP: 33/33 MP: 4/4
   830 | D:2      | Found a runed door.
  1163 | D:3      | Reached skill level 4 in Long Blades
  1236 | D:3      | Gained mutation: You have a pair of small horns on your head. [demonic ancestry]
  1236 | D:3      | Reached XP level 5. HP: 21/38 MP: 5/5
  1251 | D:3      | Reached skill level 1 in Armour
  1354 | D:3      | Noticed Sigmund
  1491 | D:2      | Noticed Crazy Yiuf
  1500 | D:2      | Killed Crazy Yiuf
  1523 | D:2      | HP: 1/39 [poisoned by Crazy Yiuf]
  2001 | D:3      | Noticed Grinder
  2156 | D:4      | Gained mutation: You have a pair of horns on your head. [demonic ancestry]
  2156 | D:4      | Reached XP level 6. HP: 23/46 MP: 6/6
  2300 | D:4      | Reached skill level 1 in Shields
  2303 | D:4      | Reached skill level 5 in Long Blades
  2413 | D:5      | Entered Level 5 of the Dungeon
  2448 | D:5      | Gained mutation: Your body sometimes deteriorates upon taking damage. [potion of mutation]
  2448 | D:5      | Gained mutation: You have claws for feet. [potion of mutation]
  2448 | D:5      | Gained mutation: Your mind is acute. (Int +2) [potion of mutation]
  2471 | D:5      | Reached XP level 7. HP: 10/52 MP: 7/7
  2494 | D:5      | HP: 2/52 [orc wizard/dagger of freezing (1)]
  2495 | D:5      | Killed from afar by an orc wizard

Vault maps used:
D:1:      minmay_arrival_stair_chambers
D:2:      minmay_heptomino_o4, uniq_crazy_yiuf_cottage
D:3:      gammafunk_wand_slinger, first_bread, uniq_sigmund, uniq_grinder
D:4:      cheibrodos_pilgrimage, cheibrodos_sewer_entry_bend,
          minmay_misc_feat_square
D:5:      serial_shops, shop, uniq_ijyb, uniq_blork_the_orc

Skill      XL: |  1  2  3  4  5  6 |
---------------+-------------------+-----
Dodging        | 3 4 |  4.1
Long Blades    | 3 4 5 |  5.3
Armour         | 1 2 |  2.0
Shields        | 1 |  1.7
Fighting       | 3 |  3.0
Throwing       | |  1.8
Stealth        | |  0.4

Action                   |  1- 3 |  4- 6 |  7- 9 || total
-------------------------+-------+-------+-------++-------
Melee: Long sword        |    61 |   129 |    15 ||   205
       Kick              |     9 |    40 |     3 ||    52
       Headbutt          |       |    18 |     4 ||    22
  Use: Potion            |       |     3 |       ||     3
  Eat: Chunk             |       |     4 |       ||     4
Armor: Leather armour    |     5 |       |       ||     5
       Ring mail         |    19 |    48 |     1 ||    68
       Skin              |       |    18 |     8 ||    26
Dodge: Dodged            |    37 |    36 |     3 ||    76
Block: Large shield      |       |    82 |     3 ||    85
       Rpst.: Long sword |    18 |     6 |     2 ||    26

Table legend:
 A = Spawn XP
 B = Non-spawn XP
 C = Spawn XP percentage of total XP
 D = Spawn monster count
 E = Non-spawn monster count
 F = Spawn count percentage of total count
 G = Total turns spent on level
                    A         B        C        D         E        F      G
               +---------+---------+-------+---------+---------+-------+---------
         Total |       0 |     778 |   0.0 |       0 |      71 |   0.0 |  2495
               +---------+---------+-------+---------+---------+-------+---------
           D:1 |       0 |      32 |   0.0 |       0 |      16 |   0.0 |   451
           D:2 |       0 |     116 |   0.0 |       0 |      15 |   0.0 |  1194
           D:3 |       0 |     131 |   0.0 |       0 |       9 |   0.0 |   388
           D:4 |       0 |     287 |   0.0 |       0 |      21 |   0.0 |   380
           D:5 |       0 |     212 |   0.0 |       0 |      10 |   0.0 |    82
               +---------+---------+-------+---------+---------+-------+---------
